 Dungeon Crawl Stone Soup version 0.19-a0-1912-gc6909e3 (webtiles) character file.

177 Fuzzwah the Skirmisher (level 5, -3/46 HPs)
             Began as a Centaur Fighter on Oct 22, 2016.
             Slain by a gnoll
             ... wielding a +0 war axe
              (6 damage)
             ... on level 3 of the Dungeon.
             The game lasted 00:07:36 (2569 turns).

Fuzzwah the Skirmisher (Centaur Fighter)            Turns: 2569, Time: 00:07:36

Health: -3/46      AC:  6    Str: 18    XL:     5   Next: 31%
Magic:  5/5        EV:  5    Int:  7    God:
Gold:   102        SH:  8    Dex: 10    Spells: 0 memorised, 4 levels left

rFire  . . .     SeeInvis .     a - +0 trident
rCold  . . .     Gourm    .     b - +0 scale mail
rNeg   . . .     Faith    .     c - +0 shield
rPois  .         Spirit   .     (no helmet)
rElec  .         Reflect  .     (no cloak)
rCorr  .         Harm     .     (no gloves)
MR     .....                    (no barding)
Stlth  ..........               (no amulet)
                                (no ring)
                                (no ring)

@: very quick
A: hooves 3, deformed body, speed 2, tough skin 3
a: no special abilities


You were on level 3 of the Dungeon.
You were not hungry.

You visited 1 branch of the dungeon, and saw 3 of its levels.

You collected 102 gold pieces.

Inventory:

Hand Weapons
 a - a +0 trident (weapon)
Armour
 b - a +0 scale mail (worn)
 c - a +0 shield (worn)
Scrolls
 e - a scroll of identify {@r1}
 h - 2 scrolls of remove curse
 i - a scroll of amnesia {unknown}
 l - a scroll of enchant weapon
Potions
 d - 2 potions of might
Comestibles
 f - 4 bread rations {@e1}
 j - a royal jelly


   Skills:
 + Level 3.9 Fighting
 + Level 2.9 Polearms
 + Level 3.0 Armour
 + Level 2.9 Shields


You had 4 spell levels left.
You didn't know any spells.

Dungeon Overview and Level Annotations

Branches:
Dungeon (3/15)

Altars:
Qazlal


Innate Abilities, Weirdness & Mutations

You have hooves in place of feet.
Armour fits poorly on your strangely shaped body.
You cover ground very quickly.
You have extremely tough skin. (AC +3)


Message History

You puncture the rat!
You kill the rat!
The gnoll throws a javelin.
The javelin hits you!
You see here a javelin.
You take 8 damage, and have 26/46 hp.
The gnoll throws a javelin.
The javelin hits you!
You see here a javelin.
You take 8 damage, and have 18/46 hp.
A jackal comes into view.
The jackal barks!
A jackal comes into view.
A jackal comes into view.
A jackal is nearby!
A jackal is nearby!
You are too injured to fight recklessly!
You are too injured to fight recklessly!
You closely miss the jackal.
The jackal barks!
Your kick misses the jackal.
The jackal bites you but does no damage.
The jackal bites you.
You take 3 damage, and have 16/46 hp.
You miss the jackal. The jackal barely misses you.
You puncture the jackal!
You kill the jackal!
You closely miss the jackal. You kick the jackal, but do no damage.
You block the jackal's attack.
The jackal bites you but does no damage.
You hit the jackal but do no damage. You block the jackal's attack. x2
You hit the jackal but do no damage. Your kick misses the jackal.
The jackal barely misses you.
Your shield and scale mail prevent you from hitting the jackal.
You block the jackal's attack. The jackal barely misses you.
You barely miss the jackal.
The jackal pauses to sniff the ground.
The jackal bites you. The jackal barely misses you.
You take 2 damage, and have 15/46 hp.
You closely miss the jackal.
The jackal barks!
You kick the jackal. The jackal barely misses you.
You hit the jackal but do no damage. The jackal barely misses you.
You block the jackal's attack.
A jackal comes into view.
The jackal barks!
You hit the jackal. You block the jackal's attack.
The jackal bites you but does no damage.
You hit the jackal. You block the jackal's attack.
The jackal bites you but does no damage.
You block the jackal's attack. The jackal bites you.
* * * LOW HITPOINT WARNING * * *
You take 3 damage, and have 13/46 hp.
You feel better.
The jackal bites you but does no damage. x2
You regained 8 hp, and now have 21/46 hp.
You closely miss the jackal.
The jackal bites you but does no damage. x4
You puncture the jackal!
You kill the jackal!
The jackal barely misses you. You block the jackal's attack.
The jackal bites you.
You take 1 damage, and have 20/46 hp.
You miss the jackal. The jackal completely misses you.
You block the jackal's attack. The jackal bites you.
You block the jackal's attack.
You take 1 damage, and have 19/46 hp.
You barely miss the jackal. Your kick misses the jackal. The jackal bites you.
You block the jackal's attack.
You take 1 damage, and have 18/46 hp.
You hit the jackal. Your kick misses the jackal.
The jackal bites you but does no damage. x2
The jackal bites you.
The jackal bites you but does no damage.
You take 2 damage, and have 16/46 hp.
You hit the jackal.
You kill the jackal!
The jackal bites you but does no damage.
The gnoll throws a javelin.
The javelin barely misses you.
The javelin hits the jackal!
The jackal dies!
The gnoll throws a javelin.
The javelin hits you.
* * * LOW HITPOINT WARNING * * *
You take 6 damage, and have 10/46 hp.
You see here a jackal corpse.
You closely miss the gnoll. The gnoll barely misses you.
You hit the gnoll but do no damage. The gnoll hits you with a war axe.
* * * LOW HITPOINT WARNING * * *
You take 1 damage, and have 9/46 hp.
You hit the gnoll. You kick the gnoll. The gnoll hits you with a war axe.
* * * LOW HITPOINT WARNING * * *
You take 1 damage, and have 8/46 hp.
You closely miss the gnoll. You kick the gnoll, but do no damage.
You block the gnoll's attack.
You closely miss the gnoll. You block the gnoll's attack.
You closely miss the gnoll. Your kick misses the gnoll.
The gnoll hits you with a war axe.
* * * LOW HITPOINT WARNING * * *
You take 5 damage, and have 3/46 hp.
You closely miss the gnoll. Your kick misses the gnoll.
The gnoll hits you with a war axe.
You die...

#......####.......#
#......[..##....#.. ... #.
#......##..#....##. ♣♣ ..##.#
##.#<..###.##...### ≈≈♣♣..#.#
#.#.#..##..#...##. ≈PP≈♣...#
#.#.#†............ ≈≈≈≈≈♣..#
#(#...........#... ≈≈≈P≈P..#
#(##.......#..#.#.
.........#####@###...[.........
≈≈≈≈≈≈P≈..(....g.......[.......#
≈≈≈≈≈≈PP≈.#####...#.#...........
≈≈≈≈≈≈≈≈≈.......................
♣≈≈≈≈≈≈♣(......................
♣≈≈≈≈g≈≈......#..#.#...#.#..###
♣≈≈≈≈≈P♣........##.#........###
♣P♣♣≈≈P..###.#####.............
#..♣≈≈(..###.# ................


You could see a gnoll.

Vanquished Creatures
  An orc wizard (D:3)
  A worker ant (D:3)
  2 gnolls (D:3)
  4 adders
  3 worms
  2 orcs (D:3)
  8 bats
  4 giant cockroaches
  6 goblins
  2 hobgoblins
  15 jackals
  6 frilled lizards
  5 kobolds
  11 rats
70 creatures vanquished.

Vanquished Creatures (others)
  A jackal (D:3)
  A plant (D:3)
2 creatures vanquished.

Grand Total: 72 creatures vanquished

Notes
Turn   | Place    | Note
-------+----------+-------------------------------------------
     0 | D:1      | Fuzzwah the Centaur Fighter began the quest for the Orb.
     0 | D:1      | Reached XP level 1. HP: 19/19 MP: 1/1
   188 | D:1      | Reached skill level 2 in Polearms
   211 | D:1      | Reached XP level 2. HP: 13/26 MP: 2/2
  1311 | D:2      | Found a stormy altar of Qazlal.
  1321 | D:2      | Reached XP level 3. HP: 29/31 MP: 3/3
  1879 | D:3      | Reached XP level 4. HP: 38/38 MP: 4/4
  2334 | D:3      | Reached XP level 5. HP: 32/46 MP: 5/5
  2464 | D:3      | Reached skill level 3 in Armour
  2561 | D:3      | HP: 10/46 [gnoll/javelin (6)]
  2568 | D:3      | HP: 3/46 [gnoll/war axe (5)]
  2569 | D:3      | Slain by a gnoll

Vault maps used:
D:1:      dpeg_arrival_simpleton_b, serial_co_window_serial, co_window_paths_b,
          co_window_paths_a, co_window_paths_a, co_window_corner_a,
          co_window_cross_1, co_window_paths_c, co_window_broadway_b,
          co_window_2corner, co_window_2corner, co_window_paths_d,
          co_window_4corner_a, glass_columns_b, glass_columns_b,
          glass_columns_c, glass_columns_b, glass_columns_a
D:2:      nicolae_overflow_crystal_walls
D:3:      grunt_temple_overflow_lords_of_destruction, first_bread,
          serial_bayou_lagoon_b

Skill      XL: |  1  2  3  4  5 |
---------------+----------------+-----
Polearms       | 2 |  2.9
Armour         | 3 |  3.0
Fighting       | |  3.9
Shields        | |  2.9

Action                   |  1- 3 |  4- 6 || total
-------------------------+-------+-------++-------
Melee: Trident           |   187 |   112 ||   299
       Kick              |    24 |    22 ||    46
  Use: Scroll            |     4 |       ||     4
       Potion            |       |     2 ||     2
  Eat: Chunk             |     2 |     1 ||     3
       Pizza             |       |     1 ||     1
Armor: Scale mail        |    84 |    46 ||   130
Dodge: Dodged            |    37 |    24 ||    61
Block: Shield            |    64 |    45 ||   109

Vault maps used:
D:1:      dpeg_arrival_simpleton_b, serial_co_window_serial, co_window_paths_b,
          co_window_paths_a, co_window_paths_a, co_window_corner_a,
          co_window_cross_1, co_window_paths_c, co_window_broadway_b,
          co_window_2corner, co_window_2corner, co_window_paths_d,
          co_window_4corner_a, glass_columns_b, glass_columns_b,
          glass_columns_c, glass_columns_b, glass_columns_a
D:2:      nicolae_overflow_crystal_walls
D:3:      grunt_temple_overflow_lords_of_destruction, first_bread,
          serial_bayou_lagoon_b

Table legend:
 A = Turns spent in this place as a percentage of turns spent in the entire game.
 B = Non-inter-level travel turns spent in this place as a percentage of non-inter-level travel turns spent in the entire game.
 C = Inter-level travel turns spent in this place as a percentage of turns spent in this place.
 D = Turns resting spent in this place as a percentage of non-inter-level travel turns spent in this place.
 E = Turns spent auto-exploring this place as a percentage of non-inter-level travel turns spent in this place.
 F = Non-inter-level travel turns spent in this place divided by the number of levels of this place that you've seen.
                   A       B       C       D       E      F
               +-------+-------+-------+-------+-------+----------------------
         Total | 100.0 | 100.0 |   0.5 |   3.8 |  10.1 | 202.0
       Dungeon | 100.0 | 100.0 |   0.5 |   3.8 |  10.1 | 202.0
               +-------+-------+-------+-------+-------+----------------------

Table legend:
 A = Kills in this place as a percentage of kills in entire the game.
 B = Kills by you in this place as a percentage of kills by you in the entire game.
 C = Kills by friends in this place as a percentage of kills by friends in the entire game.
 D = Other kills in this place as a percentage of other kills in the entire game.
 E = Experience gained in this place as a percentage of experience gained in the entire game.
 F = Experience gained in this place divided by the number of levels of this place that you have seen.
                   A       B       C       D       E      F
               +-------+-------+-------+-------+-------+----------------------
         Total | 100.0 | 100.0 |  -nan |  -nan | 100.0 |  84.7
       Dungeon | 100.0 | 100.0 |  -nan |  -nan | 100.0 |  84.7
               +-------+-------+-------+-------+-------+----------------------
